 Dungeon Crawl Stone Soup version 0.20-a0-1124-g2e29d97 (webtiles) character file.

23 Hook the Insei (level 2, -15/22 HPs)
             Began as a Merfolk Transmuter on May 15, 2017.
             Killed from afar by a rat (34 damage)
             ... with an exploding inner flame
             ... hexed by the player character
             ... on level 1 of the Dungeon.
             The game lasted 00:04:09 (1061 turns).

Hook the Insei (Merfolk Transmuter)                 Turns: 1061, Time: 00:04:09

Health: -15/22     AC:  2    Str: 10    XL:     2   Next: 95%
Magic:  5/5        EV: 13    Int: 12    God:
Gold:   48         SH:  0    Dex: 14    Spells: 2/5 levels left

rFire    . . .     SeeInvis .     - Unarmed
rCold    . . .     Gourm    .   (no shield)
rNeg     . . .     Faith    .   b - +0 robe
rPois    .         Spirit   .   (no helmet)
rElec    .         Reflect  .   (no cloak)
rCorr    .         Harm     .   (no gloves)
MR       .....                  (no boots)
Stlth    +.........             (no amulet)
Regen    0.1/turn               (no ring)
MPRegen  0.1/turn               (no ring)

@: no status effects
A: change form in water, swift swim, stealthy swim
a: no special abilities


You were on level 1 of the Dungeon.
You were not hungry.

You visited 1 branch of the dungeon, and saw 1 of its levels.

You collected 48 gold pieces.

Inventory:

Hand Weapons
 h - a +0 club
 n - a +0 club
Missiles
 a - 28 arrows
Armour
 b - a +0 robe (worn)
Jewellery
 i - a cursed ring of wizardry {unknown}
 k - a cursed amulet of inaccuracy {unknown}
Scrolls
 e - a scroll of identify {unknown}
Potions
 j - a potion of heal wounds {unknown}
 l - 2 potions of curing {unknown}
Books
 c - a book of Changes

   Spells                             Type                      Level
   a - Beastly Appendage              Transmutation                1
   b - Sticks to Snakes               Transmutation                2
   c - Spider Form                    Transmutation/Poison         3
   d - Ice Form                       Ice/Transmutation            4
   e - Blade Hands                    Transmutation                5
Comestibles
 d - a bread ration
 g - a fruit
 m - a chunk of flesh


   Skills:
 + Level 1.9 Fighting
 + Level 3.0 Dodging
 * Level 3.8 Unarmed Combat
 + Level 2.0 Spellcasting
 - Level 2.8 Transmutations


You had 2 spell levels left.
You knew the following spells:

 Your Spells              Type           Power        Failure   Level  Hunger
a - Beastly Appendage     Tmut           #.....       9%          1    ##.....
b - Sticks to Snakes      Tmut           #.......     13%         2    ###....


Dungeon Overview and Level Annotations

Branches:
Dungeon (1/15)

Altars:


Message History

Okay, then.
A rat comes into view.
Things that are here:
a club; a cabochon ring; a hobgoblin corpse You butcher the hobgoblin corpse.
i - a cabochon ring;
m - 2 chunks of flesh You see here a club.
Eat one of 2 chunks of flesh? (ye/n/q)
You eat one of the 2 chunks of flesh.
This raw flesh tastes terrible.
n - a club
As you read the scroll labeled OGUSTR FOLUCITE, it crumbles to dust.
The creatures around you are filled with an inner flame!
It was a scroll of immolation.
The rat bites you.
You closely miss the rat. The rat misses you.
You hit the rat.
The rat explodes!
The fiery explosion engulfs you!
Ouch! That really hurt!
You die...

.. .'......# #.# ... #......# #.#
...##......# #.# #.........# #.#
####......# ####.# ...'......#
#....#
####......########.##############
..............§.§................
......>.......§§@.........÷......
........######.§§....##########..
.$......# #.......# #...
........# ######### #...
######### #... #... #... #...
#...


There were no monsters in sight!

Vanquished Creatures
  An ooze (D:1)
  A dart slug (D:1)
  A leopard gecko (D:1)
  2 bats (D:1)
  3 hobgoblins (D:1)
  3 kobolds (D:1)
  A frilled lizard (D:1)
  2 rats (D:1)
14 creatures vanquished.

Vanquished Creatures (collateral kills)
  A goblin (D:1)
1 creature vanquished.

Grand Total: 15 creatures vanquished

Notes
Turn   | Place    | Note
-------+----------+-------------------------------------------
     0 | D:1      | Hook the Merfolk Transmuter began the quest for the Orb.
     0 | D:1      | Reached XP level 1. HP: 15/15 MP: 3/3
   280 | D:1      | Reached XP level 2. HP: 9/21 MP: 3/5
   792 | D:1      | Learned a level 2 spell: Sticks to Snakes
  1061 | D:1      | Killed from afar by a rat

Vault maps used:
D:1:      saegor_arrival_simple_e

Skill      XL: |  1  2 |
---------------+-------+-----
Dodging        | 3 |  3.0
Fighting       | |  1.9
Unarmed Combat | |  3.8
Spellcasting   | |  2.0
Transmutations | |  2.8

Action                   || total
-------------------------++-------
Melee: Unarmed           ||    41
       Headbutt          ||     2
 Cast: Beastly Appendage ||     4
       Sticks to Snakes  ||     1
  Use: Scroll            ||     1
  Eat: Chunk             ||     1
Armor: Robe              ||     6
Dodge: Dodged            ||    30
